 Dungeon Crawl Stone Soup version 0.16.1-18-g436b03c (webtiles) character file.

1723 tognito the Skirmisher (level 8, -9/111 HPs)
             Began as a Minotaur Berserker on May 14, 2015.
             Was a High Priest of Trog.
             Mangled by a nine-headed hydra (11 damage)
             ... on level 8 of the Dungeon on May 15, 2015.
             The game lasted 00:29:20 (5689 turns).

tognito the Skirmisher (Minotaur Berserker)         Turns: 5689, Time: 00:29:20

Health: -9/111     AC: 14    Str: 30    XL:     8   Next: 75%
Magic:  3/3        EV:  7    Int:  4    God:    Trog [*****.]
Gold:   229        SH:  9    Dex:  9    Spells: 0 memorised, 7 levels left

rFire  . . .     SeeInvis .     b - +1 war axe
rCold  . . .     Clarity  .     e - +1 chain mail
rNeg   + . .     SustAb   .     B - +0 shield
rPois  .         Gourm    .     u - +2 hat
rElec  .         Spirit   .     x - +0 cloak
rCorr  .         Warding  +     (no gloves)
rMut   .         Stasis   .     (no boots)
MR     .....                    i - amulet of warding
Stlth  ..........               (no ring)
                                (no ring)

@: berserking, very quick, not resistant to hostile enchantments, extremely
unstealthy
A: retaliatory headbutt, horns 2
a: Burn Spellbooks, Berserk, Trog's Hand, Brothers in Arms, Renounce Religion


You were on level 8 of the Dungeon.
You worshipped Trog.
Trog was extremely pleased with you.
You were not hungry.

You visited 1 branch of the dungeon, and saw 8 of its levels.

You collected 229 gold pieces.

Inventory:

Hand weapons
 a - a +1 hand crossbow
 b - a +1 war axe (weapon)
 j - a +0 shortbow
 k - a +0 hand axe
Missiles
 d - 8 arrows of frost
 g - 3 poisoned arrows
 l - 3 javelins of penetration (quivered)
 o - 39 sling bullets
 p - 16 bolts
 w - 112 arrows
 A - 3 steel tomahawks
Armour
 e - a +1 chain mail (worn)
 u - a +2 hat (worn)
 x - a +0 cloak (worn)
 B - a +0 shield (worn)
Jewellery
 i - an amulet of warding (around neck)
 s - an uncursed amulet of rage {unknown}
Magical devices
 q - a wand of paralysis (11)
 r - a wand of draining (8)
Scrolls
 y - a scroll of teleportation
 z - 2 scrolls of blinking
 D - 2 scrolls of identify
 E - a scroll of remove curse
Potions
 h - 5 potions of curing
 m - 2 potions of heal wounds
 v - a potion of might
 C - 2 potions of cure mutation
Comestibles
 c - 4 bread rations
 f - 2 meat rations
 n - a chunk of flesh
 t - 7 slices of pizza
 F - 8 fruits


   Skills:
 * Level 7.7 Fighting
 + Level 6.3 Axes
 + Level 2.4 Bows
 * Level 6.9 Crossbows
 + Level 5.2 Armour
 + Level 3.5 Dodging
 + Level 1.0 Stealth
 + Level 1.3 Shields


You had 7 spell levels left.
You didn't know any spells.

Dungeon Overview and Level Annotations

Branches:
Dungeon (8/15)             Temple (0/1) D:7
   Lair: D:8-11

Altars:
Elyvilon
Kikubaaqudgha
Ru
Sif Muna
Yredelemnul
Zin
The Shining One


Innate Abilities, Weirdness & Mutations

You reflexively headbutt those who attack you in melee.
You have a pair of horns on your head.


Message History

You block the seven-headed hydra's attack.
The seven-headed hydra bites you.
* * * LOW HITPOINT WARNING * * *
The seven-headed hydra barely misses you.
You block the seven-headed hydra's attack.
You lop one of the seven-headed hydra's heads off!
The six-headed hydra grows two more!
You slash the eight-headed hydra!
The eight-headed hydra is heavily wounded.
The eight-headed hydra bites you but does no damage. x4
The eight-headed hydra bites you.
* * * LOW HITPOINT WARNING * * *
The eight-headed hydra bites you but does no damage. x2
The eight-headed hydra bites you.
* * * LOW HITPOINT WARNING * * *
You lop one of the eight-headed hydra's heads off!
The seven-headed hydra grows two more!
You slash the nine-headed hydra! You headbutt the nine-headed hydra!
The nine-headed hydra is severely wounded.
The nine-headed hydra bites you!
You die...

.....)..#*,,,,,,,,,,,,,,*********
#.....#.#*,,,,,,,,,,,,,,*
....#...#*,,,,,,,,,,,,,,*
###.....##########,,,,,,*
###)#...#.....#..#,,,,,,*
..#)#..>#≈....'..#,,,****
.##.###.#...P.'..#,,,* .##.#
#..≈.......#,,,* ....#
###.....#.@#,,,* #####
#≈.P≈P##D#,,,* #P≈≈≈≈#.%#****
#PP≈P.+).# ##########


You could see a nine-headed hydra.

Vanquished Creatures
  2 yaks (D:8)
  A sky beast (D:7)
  An ice beast (D:6)
  A phantom (D:5)
  A centaur (D:8)
  3 big kobolds (D:8)
  A giant frog (D:7)
  A jelly (D:8)
  2 goliath beetles (D:7)
  3 hounds
  An orc priest (D:7)
  5 orc wizards
  5 worker ants
  2 sheep (D:8)
  A hound skeleton (D:5)
  A worker ant zombie (D:5)
  10 adders
  8 gnolls
  A worm (D:4)
  4 giant geckos
  2 oozes (D:1)
  24 orcs
  3 bat skeletons (D:7)
  3 giant cockroaches
  14 goblins
  11 hobgoblins
  3 jackals (D:5)
  2 ball pythons
  A ball python skeleton (D:6)
  15 bats
  5 giant newts
  A jackal zombie (D:5)
  13 kobolds
  A quokka (D:4)
  13 rats
  A rat zombie (D:5)
  A ballistomycete (D:7)
167 creatures vanquished.

Vanquished Creatures (others)
  A crimson imp (D:7)
  A shadow imp (D:7)
  A giant spore (D:7)
  5 toadstools (D:1)
8 creatures vanquished.

Grand Total: 175 creatures vanquished

Notes
Turn   | Place    | Note
--------------------------------------------------------------
     0 | D:1      | tognito, the Minotaur Berserker, began the quest for the Orb.
     0 | D:1      | Reached XP level 1. HP: 19/19 MP: 1/1
    95 | D:1      | Reached skill level 4 in Fighting
   110 | D:1      | Reached XP level 2. HP: 12/27 MP: 1/1
   124 | D:1      | Gained mutation: You can spit poison. [potion of mutation]
   124 | D:1      | Gained mutation: You tend to lose your temper in combat. [potion of mutation]
   466 | D:1      | Acquired Trog's second power
   592 | D:1      | Reached XP level 3. HP: 30/34 MP: 2/2
  1023 | D:2      | Found a basalt altar of Yredelemnul.
  1024 | D:2      | Found a sacrificial altar of Ru.
  1051 | D:2      | Reached XP level 4. HP: 37/41 MP: 2/2
  1189 | D:2      | Found a glowing golden altar of the Shining One.
  1357 | D:3      | Reached skill level 5 in Fighting
  1793 | D:3      | Reached XP level 5. HP: 16/48 MP: 2/2
  2488 | D:4      | Reached skill level 5 in Axes
  2572 | D:4      | Reached skill level 1 in Bows
  2754 | D:4      | Found a glowing silver altar of Zin.
  2986 | D:4      | Reached XP level 6. HP: 57/57 MP: 3/3
  3020 | D:5      | Entered Level 5 of the Dungeon
  3161 | D:5      | Reached skill level 6 in Fighting
  3196 | D:5      | Received a gift from Trog
  3414 | D:5      | Found an ancient bone altar of Kikubaaqudgha.
  3597 | D:5      | Reached skill level 1 in Stealth
  3800 | D:6      | Reached XP level 7. HP: 64/64 MP: 3/3
  4004 | D:6      | Reached skill level 1 in Crossbows
  4268 | D:6      | Acquired Trog's third power
  4535 | D:7      | Reached skill level 7 in Fighting
  4825 | D:7      | Found a white marble altar of Elyvilon.
  5015 | D:7      | Found a staircase to the Ecumenical Temple.
  5047 | D:7      | Found a deep blue altar of Sif Muna.
  5262 | D:7      | Reached XP level 8. HP: 68/73 MP: 3/3
  5437 | D:8      | Reached skill level 5 in Armour
  5437 | D:8      | Reached skill level 1 in Shields
  5459 | D:8      | Lost mutation: You tend to lose your temper in combat. [potion of cure mutation]
  5459 | D:8      | Lost mutation: You can spit poison. [potion of cure mutation]
  5614 | D:8      | Reached skill level 5 in Crossbows
  5674 | D:8      | Noticed a three-headed hydra
  5688 | D:8      | HP: 1/111 [eight-headed hydra (5)]
  5689 | D:8      | Mangled by a nine-headed hydra

Action                   |  1- 3 |  4- 6 |  7- 9 || total
-------------------------+-------+-------+-------++-------
Melee: Hand axe          |    73 |    13 |       ||    86
       War axe           |       |   106 |    92 ||   198
 Fire: Shortbow          |       |    29 |       ||    29
       Hand crossbow     |       |    22 |   105 ||   127
Throw: Javelin           |       |     4 |       ||     4
Invok: Berserk           |       |       |     1 ||     1
  Use: Potion            |     2 |     6 |     2 ||    10
       Scroll            |       |    11 |     6 ||    17
  Eat: Chunk             |       |     9 |     7 ||    16
